[ AOE2 MATCH · #468342127 ]
Team RMPersians vs Aztecs
[ REPLAY ANALYSIS · EXTRACTED FROM THE RECORDED GAME ]
Feudal
11:02
Castle
19:31
Imperial
40:37
| APM avg | 33.4 |
| APM peak | 246 |
| eAPM avg | 18.6 |
| Villagers / military | 110 / 261 |
Focus
⚔️ 50.9% · 🌾 49.1%
Archer ×162 · War Elephant ×56 · Knight ×32 · Trebuchet (Packed) ×8 · Trade Cart ×6 · Spearman ×2
Feudal
12:48
Castle
23:32
Imperial
37:03
| APM avg | 17.5 |
| APM peak | 148 |
| eAPM avg | 13.5 |
| Villagers / military | 83 / 261 |
Focus
⚔️ 46.6% · 🌾 53.4%
Jaguar Warrior ×71 · Mangonel ×64 · Spearman ×60 · Skirmisher ×51 · Unknown (882) ×21 · Trade Cart ×13
Feudal
11:40
Castle
22:53
Imperial
33:26
| APM avg | 13.7 |
| APM peak | 49 |
| eAPM avg | 10.6 |
| Villagers / military | 74 / 293 |
Focus
⚔️ 60.2% · 🌾 39.8%
Spearman ×120 · Militia ×96 · Genoese Crossbowman ×40 · Unknown (882) ×23 · Monk ×19 · Trebuchet (Packed) ×12
Feudal
11:35
Castle
15:53
Imperial
39:33
| APM avg | 13.2 |
| APM peak | 72 |
| eAPM avg | 12.6 |
| Villagers / military | 127 / 214 |
Focus
⚔️ 33.2% · 🌾 66.8%
War Elephant ×138 · Archer ×76
Match map
Initial resources + every placement click. Lines = walls · curves = elevation contours. ◆ gold · ⬟ stone · ● berries · ✦ relic · ◌ wall gap
Your base· ✓ Map-separated
YizúsA's base· ✓ Map-separated
Fuego Inkaka's base· ✓ Map-separated
MrAlwaysWins's base· ✓ Map-separated
Smoothed initial terrain · ◌ = detected wall gap · hover for details
Inputs per minute
— leehunt85 - - YizúsA
Build order — leehunt85
First 150 of 508 actions detected
| 0:09 | Build | House |
| 0:12 | Create | Villager (Male) |
| 0:12 | Create | Villager (Male) |
| 0:28 | Create | Villager (Male) |
| 0:28 | Create | Villager (Male) |
| 0:46 | Build | House |
| 0:51 | Build | House |
| 1:02 | Create | Villager (Male) |
| 1:35 | Create | Villager (Male) |
| 1:44 | Build | House |
| 1:57 | Build | Mill |
| 2:17 | Create | Villager (Male) |
| 3:13 | Create | Villager (Male) |
| 3:13 | Create | Villager (Male) |
| 4:34 | Create | Villager (Male) |
| 4:34 | Create | Villager (Male) |
| 4:35 | Create | Villager (Male) |
| 4:55 | Build | Lumber Camp |
| 5:33 | Create | Villager (Male) |
| 5:39 | Research | Loom |
| 5:53 | Build | House |
| 6:03 | Create | Villager (Male) |
| 6:04 | Create | Villager (Male) |
| 6:28 | Create | Villager (Male) |
| 7:46 | Build | Farm |
| 7:52 | Build | Farm |
| 8:59 | Research | Feudal Age |
| 9:10 | Create | Villager (Male) |
| 9:11 | Create | Villager (Male) |
| 9:11 | Create | Villager (Male) |
| 9:11 | Create | Villager (Male) |
| 9:34 | Build | Farm |
| 9:46 | Build | Farm |
| 10:14 | Build | Mining Camp |
| 10:24 | Create | Villager (Male) |
| 10:25 | Create | Villager (Male) |
| 10:36 | Build | House |
| 10:42 | Build | House |
| 11:02 | Age | Feudal Age |
| 11:17 | Research | Horse Collar |
| 11:39 | Research | Double-Bit Axe |
| 12:25 | Create | Villager (Male) |
| 13:00 | Build | Farm |
| 13:37 | Build | Barracks |
| 14:02 | Create | Villager (Male) |
| 14:30 | Build | Blacksmith |
| 14:53 | Build | Market |
| 15:21 | Build | Farm |
| 15:49 | Build | Farm |
| 16:14 | Build | Archery Range |
| 17:06 | Research | Castle Age |
| 17:17 | Build | Stable |
| 17:40 | Create | Villager (Male) |
| 17:48 | Create | Villager (Male) |
| 18:34 | Create | Villager (Male) |
| 18:35 | Create | Villager (Male) |
| 18:55 | Create | Spearman |
| 18:58 | Create | Spearman |
| 19:31 | Age | Castle Age |
| 19:37 | Build | Town Center |
| 19:42 | Create | Villager (Male) |
| 19:42 | Create | Villager (Male) |
| 19:59 | Build | Farm |
| 20:05 | Build | Farm |
| 20:12 | Build | Farm |
| 20:33 | Research | Husbandry |
| 20:49 | Build | House |
| 20:53 | Build | House |
| 20:58 | Build | House |
| 21:03 | Build | House |
| 21:09 | Create | Villager (Male) |
| 21:09 | Create | Villager (Male) |
| 21:32 | Build | Farm |
| 22:11 | Create | Villager (Male) |
| 22:11 | Create | Villager (Male) |
| 22:11 | Create | Villager (Male) |
| 22:15 | Create | Villager (Male) |
| 22:49 | Research | Heavy Plow |
| 23:03 | Build | Farm |
| 23:13 | Build | Farm |
| 23:25 | Build | Farm |
| 23:47 | Build | Castle |
| 23:57 | Research | Squires |
| 23:58 | Research | Pikeman (upgrade) |
| 24:11 | Create | Villager (Male) |
| 25:01 | Research | Wheelbarrow |
| 25:09 | Create | Knight |
| 25:21 | Create | Knight |
| 25:48 | Build | Farm |
| 25:54 | Build | Monastery |
| 26:00 | Build | University |
| 26:10 | Create | War Elephant |
| 26:21 | Create | Villager (Male) |
| 26:21 | Create | Villager (Male) |
| 27:22 | Research | Fletching |
| 27:23 | Research | Padded Archer Armor |
| 27:28 | Create | War Elephant |
| 27:37 | Create | Villager (Male) |
| 27:58 | Build | Town Center |
| 28:07 | Create | Trade Cart |
| 28:08 | Create | Trade Cart |
| 28:08 | Create | Trade Cart |
| 28:10 | Create | Trade Cart |
| 28:26 | Create | Monk |
| 28:47 | Research | Town Watch |
| 28:48 | Research | Hand Cart |
| 29:23 | Create | Villager (Male) |
| 30:15 | Create | Villager (Male) |
| 30:15 | Create | Villager (Male) |
| 30:16 | Create | Villager (Male) |
| 30:29 | Research | Bow Saw |
| 30:51 | Build | Town Center |
| 30:59 | Create | Villager (Male) |
| 30:59 | Create | Villager (Male) |
| 31:00 | Create | Villager (Male) |
| 31:10 | Build | Farm |
| 31:18 | Create | Villager (Male) |
| 31:18 | Create | Villager (Male) |
| 31:31 | Research | Murder Holes |
| 31:45 | Create | War Elephant |
| 31:55 | Build | Farm |
| 32:01 | Build | Farm |
| 32:07 | Build | Farm |
| 32:11 | Create | Villager (Male) |
| 32:36 | Research | Leather Archer Armor |
| 32:47 | Create | Villager (Male) |
| 32:47 | Create | Villager (Male) |
| 32:47 | Create | Villager (Male) |
| 32:48 | Create | Villager (Male) |
| 33:00 | Create | Trade Cart |
| 33:00 | Create | Trade Cart |
| 33:10 | Build | Farm |
| 33:20 | Create | Villager (Male) |
| 33:47 | Build | House |
| 33:51 | Build | House |
| 33:56 | Build | House |
| 33:59 | Build | House |
| 34:04 | Build | House |
| 34:07 | Build | House |
| 34:12 | Build | House |
| 34:16 | Create | Villager (Male) |
| 34:17 | Create | Villager (Male) |
| 34:17 | Create | Villager (Male) |
| 34:17 | Create | Villager (Male) |
| 34:27 | Create | Villager (Male) |
| 34:27 | Create | Villager (Male) |
| 34:27 | Create | Villager (Male) |
| 34:51 | Build | House |
| 34:56 | Build | House |
| 35:02 | Build | Farm |
Build order — YizúsA
First 150 of 541 actions detected
| 0:14 | Build | House |
| 0:15 | Build | House |
| 0:17 | Build | House |
| 0:58 | Create | Villager (Male) |
| 0:58 | Create | Villager (Male) |
| 0:59 | Create | Villager (Male) |
| 0:59 | Create | Villager (Male) |
| 0:59 | Create | Villager (Male) |
| 1:00 | Research | Loom |
| 3:29 | Create | Villager (Male) |
| 3:33 | Create | Villager (Male) |
| 4:34 | Create | Villager (Male) |
| 4:37 | Create | Villager (Male) |
| 5:29 | Create | Villager (Male) |
| 5:49 | Create | Villager (Male) |
| 6:52 | Create | Villager (Male) |
| 6:53 | Create | Villager (Male) |
| 7:12 | Build | Lumber Camp |
| 7:21 | Build | Palisade Wall |
| 7:23 | Build | Palisade Gate |
| 7:47 | Create | Villager (Male) |
| 8:44 | Build | House |
| 8:48 | Build | House |
| 9:40 | Build | Mill |
| 10:13 | Create | Villager (Male) |
| 10:15 | Research | Feudal Age |
| 10:57 | Build | Mill |
| 11:15 | Create | Villager (Male) |
| 11:41 | Create | Villager (Male) |
| 11:42 | Create | Villager (Male) |
| 11:42 | Create | Villager (Male) |
| 11:42 | Create | Villager (Male) |
| 11:43 | Create | Villager (Male) |
| 11:43 | Create | Villager (Male) |
| 11:43 | Create | Villager (Male) |
| 12:24 | Build | Barracks |
| 12:35 | Build | Palisade Wall |
| 12:48 | Age | Feudal Age |
| 12:54 | Build | Stone Wall |
| 13:23 | Create | Villager (Male) |
| 13:25 | Create | Villager (Male) |
| 14:07 | Research | Double-Bit Axe |
| 15:05 | Build | Mining Camp |
| 15:20 | Build | Watch Tower |
| 15:33 | Build | Farm |
| 15:34 | Build | Farm |
| 15:35 | Build | Farm |
| 15:51 | Build | Farm |
| 16:33 | Build | House |
| 16:35 | Build | House |
| 16:50 | Build | Mining Camp |
| 17:03 | Create | Villager (Male) |
| 17:19 | Create | Villager (Male) |
| 17:42 | Build | Blacksmith |
| 17:51 | Build | Market |
| 18:08 | Create | Villager (Male) |
| 18:08 | Create | Villager (Male) |
| 18:13 | Create | Spearman |
| 18:15 | Create | Eagle Scout |
| 18:47 | Build | Stone Wall |
| 18:55 | Build | Stone Wall |
| 18:56 | Build | Stone Wall |
| 18:57 | Build | Stone Wall |
| 18:58 | Build | Stone Wall |
| 19:02 | Build | Stone Wall |
| 19:05 | Build | Stone Wall |
| 19:11 | Build | Farm |
| 19:13 | Build | Farm |
| 19:26 | Create | Villager (Male) |
| 19:52 | Build | Stone Wall |
| 20:15 | Build | Farm |
| 20:24 | Create | Spearman |
| 20:52 | Research | Castle Age |
| 21:06 | Build | House |
| 21:08 | Build | House |
| 21:09 | Build | House |
| 21:11 | Build | House |
| 22:31 | Build | Lumber Camp |
| 23:03 | Research | Wheelbarrow |
| 23:12 | Research | Fletching |
| 23:15 | Research | Scale Mail Armor |
| 23:31 | Build | Barracks |
| 23:32 | Age | Castle Age |
| 23:35 | Build | Barracks |
| 23:54 | Build | Gate |
| 24:11 | Build | Stone Wall |
| 24:57 | Create | Trade Cart |
| 24:58 | Create | Trade Cart |
| 24:58 | Create | Trade Cart |
| 24:58 | Create | Trade Cart |
| 25:50 | Build | Monastery |
| 26:33 | Build | Gate |
| 26:56 | Build | Town Center |
| 27:49 | Build | Castle |
| 28:01 | Create | Villager (Male) |
| 28:01 | Create | Villager (Male) |
| 28:01 | Create | Villager (Male) |
| 28:02 | Create | Villager (Male) |
| 28:02 | Create | Villager (Male) |
| 28:35 | Build | Farm |
| 28:42 | Build | Farm |
| 28:45 | Build | Farm |
| 28:51 | Create | Villager (Male) |
| 28:51 | Create | Villager (Male) |
| 28:52 | Create | Villager (Male) |
| 28:52 | Create | Villager (Male) |
| 28:52 | Create | Villager (Male) |
| 28:53 | Create | Villager (Male) |
| 28:53 | Create | Villager (Male) |
| 28:57 | Research | Bow Saw |
| 29:01 | Create | Monk |
| 29:02 | Create | Monk |
| 29:58 | Build | Mining Camp |
| 30:05 | Build | Farm |
| 30:13 | Build | Farm |
| 30:17 | Research | Horse Collar |
| 30:20 | Create | Villager (Male) |
| 30:20 | Create | Villager (Male) |
| 30:23 | Create | Villager (Male) |
| 30:24 | Create | Villager (Male) |
| 30:30 | Create | Jaguar Warrior |
| 30:30 | Create | Jaguar Warrior |
| 30:38 | Create | Monk |
| 30:48 | Build | Siege Workshop |
| 31:06 | Build | Farm |
| 31:09 | Create | Villager (Male) |
| 31:21 | Build | Stone Wall |
| 31:27 | Build | Gate |
| 31:33 | Build | Farm |
| 32:00 | Build | Farm |
| 32:03 | Create | Mangonel |
| 32:09 | Build | Siege Workshop |
| 32:38 | Create | Trade Cart |
| 32:40 | Create | Trade Cart |
| 33:03 | Create | Mangonel |
| 33:14 | Build | Castle |
| 33:23 | Create | Villager (Male) |
| 33:53 | Research | Imperial Age |
| 34:09 | Build | Town Center |
| 35:03 | Build | Stone Wall |
| 35:32 | Build | Barracks |
| 35:33 | Build | Barracks |
| 35:35 | Build | Barracks |
| 35:36 | Build | Barracks |
| 35:47 | Create | Jaguar Warrior |
| 35:48 | Create | Jaguar Warrior |
| 35:49 | Create | Jaguar Warrior |
| 35:51 | Create | Jaguar Warrior |
| 36:19 | Research | Padded Archer Armor |
| 36:24 | Research | Forging |
Build order — Fuego Inkaka
First 150 of 562 actions detected
| 0:07 | Research | Loom |
| 0:07 | Create | Villager (Male) |
| 0:08 | Create | Villager (Male) |
| 0:08 | Create | Villager (Male) |
| 0:08 | Create | Villager (Male) |
| 0:33 | Build | House |
| 0:37 | Build | House |
| 0:38 | Build | House |
| 0:39 | Build | House |
| 1:58 | Create | Villager (Male) |
| 2:44 | Create | Villager (Male) |
| 3:04 | Create | Villager (Male) |
| 3:26 | Create | Villager (Male) |
| 3:41 | Create | Villager (Male) |
| 4:04 | Create | Villager (Male) |
| 4:51 | Create | Villager (Male) |
| 4:51 | Create | Villager (Male) |
| 5:14 | Create | Villager (Male) |
| 5:14 | Create | Villager (Male) |
| 5:52 | Create | Villager (Male) |
| 5:53 | Create | Villager (Male) |
| 6:19 | Create | Villager (Male) |
| 6:37 | Build | Lumber Camp |
| 7:34 | Create | Villager (Male) |
| 7:34 | Create | Villager (Male) |
| 7:34 | Create | Villager (Male) |
| 7:49 | Build | Mill |
| 8:03 | Create | Villager (Male) |
| 9:30 | Research | Feudal Age |
| 11:40 | Age | Feudal Age |
| 11:41 | Research | Double-Bit Axe |
| 11:46 | Research | Wheelbarrow |
| 12:25 | Build | Farm |
| 12:26 | Build | Farm |
| 12:28 | Build | Farm |
| 12:30 | Build | Farm |
| 12:31 | Build | Farm |
| 12:32 | Build | Farm |
| 12:33 | Build | Farm |
| 12:36 | Build | Farm |
| 12:38 | Build | Farm |
| 12:39 | Research | Horse Collar |
| 13:02 | Build | Farm |
| 13:03 | Create | Villager (Male) |
| 13:04 | Create | Villager (Male) |
| 13:04 | Create | Villager (Male) |
| 13:05 | Create | Villager (Male) |
| 13:05 | Create | Villager (Male) |
| 13:05 | Create | Villager (Male) |
| 13:05 | Create | Villager (Male) |
| 13:15 | Build | House |
| 13:16 | Build | House |
| 13:20 | Build | House |
| 13:22 | Build | House |
| 14:16 | Create | Villager (Male) |
| 14:17 | Create | Villager (Male) |
| 14:17 | Create | Villager (Male) |
| 14:17 | Create | Villager (Male) |
| 14:25 | Build | Mining Camp |
| 15:12 | Build | House |
| 15:18 | Research | Gold Mining |
| 15:42 | Build | House |
| 16:31 | Build | Barracks |
| 16:56 | Build | Farm |
| 17:08 | Build | Palisade Wall |
| 17:10 | Build | Palisade Wall |
| 17:16 | Build | Palisade Wall |
| 17:23 | Build | Palisade Wall |
| 17:26 | Build | Palisade Gate |
| 17:28 | Build | Palisade Wall |
| 17:31 | Build | Farm |
| 17:41 | Build | Farm |
| 17:48 | Build | Blacksmith |
| 18:04 | Create | Villager (Male) |
| 18:04 | Create | Villager (Male) |
| 18:07 | Create | Villager (Male) |
| 18:07 | Create | Villager (Male) |
| 18:13 | Build | Farm |
| 18:38 | Build | Market |
| 18:45 | Build | House |
| 18:48 | Build | House |
| 18:50 | Build | House |
| 18:54 | Build | House |
| 19:00 | Build | Mining Camp |
| 19:12 | Research | Stone Mining |
| 19:28 | Build | Archery Range |
| 19:45 | Create | Villager (Male) |
| 20:13 | Research | Castle Age |
| 20:32 | Research | Man-at-Arms (upgrade) |
| 20:37 | Research | Fletching |
| 20:37 | Research | Padded Archer Armor |
| 20:51 | Build | Archery Range |
| 20:52 | Build | Archery Range |
| 21:04 | Build | Dock |
| 22:04 | Create | Fishing Ship |
| 22:04 | Create | Fishing Ship |
| 22:05 | Create | Fishing Ship |
| 22:13 | Build | House |
| 22:14 | Build | House |
| 22:14 | Build | House |
| 22:15 | Build | House |
| 22:16 | Build | House |
| 22:17 | Build | House |
| 22:31 | Create | Trade Cart |
| 22:32 | Create | Trade Cart |
| 22:32 | Create | Trade Cart |
| 22:32 | Create | Trade Cart |
| 22:33 | Create | Trade Cart |
| 22:33 | Create | Trade Cart |
| 22:53 | Age | Castle Age |
| 22:57 | Create | Villager (Male) |
| 22:57 | Create | Villager (Male) |
| 22:57 | Create | Villager (Male) |
| 22:57 | Create | Villager (Male) |
| 22:58 | Create | Villager (Male) |
| 22:58 | Create | Villager (Male) |
| 23:00 | Create | Villager (Male) |
| 23:32 | Research | Bow Saw |
| 23:38 | Research | Heavy Plow |
| 24:31 | Build | Town Center |
| 25:08 | Build | Farm |
| 25:09 | Build | Farm |
| 25:54 | Research | Forging |
| 26:02 | Create | Villager (Male) |
| 26:03 | Create | Villager (Male) |
| 26:03 | Create | Villager (Male) |
| 26:04 | Create | Villager (Male) |
| 26:05 | Create | Villager (Male) |
| 26:15 | Create | Villager (Male) |
| 26:15 | Create | Villager (Male) |
| 26:16 | Create | Villager (Male) |
| 26:17 | Research | Hand Cart |
| 27:16 | Build | Castle |
| 28:27 | Create | Villager (Male) |
| 28:27 | Create | Villager (Male) |
| 28:27 | Create | Villager (Male) |
| 28:28 | Create | Villager (Male) |
| 28:31 | Build | Mining Camp |
| 28:36 | Create | Villager (Male) |
| 28:36 | Create | Villager (Male) |
| 28:37 | Create | Villager (Male) |
| 29:18 | Build | Monastery |
| 29:22 | Build | Monastery |
| 29:55 | Build | Barracks |
| 29:56 | Build | Barracks |
| 29:58 | Build | Barracks |
| 30:01 | Build | Barracks |
| 30:06 | Research | Imperial Age |
| 30:16 | Research | Imperial Age |
| 30:18 | Research | Long Swordsman (upgrade) |
Build order — MrAlwaysWins
First 150 of 545 actions detected
| 0:03 | Create | Villager (Male) |
| 0:04 | Create | Villager (Male) |
| 0:04 | Create | Villager (Male) |
| 0:04 | Create | Villager (Male) |
| 0:04 | Create | Villager (Male) |
| 0:10 | Build | House |
| 0:12 | Build | House |
| 0:13 | Build | House |
| 0:16 | Build | House |
| 1:42 | Create | Villager (Male) |
| 2:43 | Create | Villager (Male) |
| 3:00 | Create | Villager (Male) |
| 3:15 | Build | Lumber Camp |
| 3:33 | Create | Villager (Male) |
| 3:34 | Create | Villager (Male) |
| 3:55 | Create | Villager (Male) |
| 3:55 | Create | Villager (Male) |
| 3:57 | Create | Villager (Male) |
| 4:18 | Create | Villager (Male) |
| 4:19 | Create | Villager (Male) |
| 4:33 | Create | Villager (Male) |
| 4:50 | Build | Mill |
| 4:59 | Create | Villager (Male) |
| 4:59 | Create | Villager (Male) |
| 5:00 | Create | Villager (Male) |
| 5:30 | Create | Villager (Male) |
| 6:06 | Build | Mill |
| 6:21 | Create | Villager (Male) |
| 6:52 | Build | Mining Camp |
| 7:02 | Create | Villager (Male) |
| 7:35 | Create | Villager (Male) |
| 7:43 | Create | Villager (Male) |
| 8:09 | Create | Villager (Male) |
| 8:12 | Research | Loom |
| 9:23 | Research | Feudal Age |
| 9:43 | Build | Farm |
| 9:44 | Build | Farm |
| 9:45 | Build | Farm |
| 9:46 | Build | Farm |
| 9:47 | Build | Farm |
| 9:48 | Build | Farm |
| 11:35 | Age | Feudal Age |
| 11:47 | Build | Market |
| 12:10 | Build | Blacksmith |
| 12:48 | Build | House |
| 13:28 | Research | Castle Age |
| 13:28 | Research | Castle Age |
| 14:18 | Research | Double-Bit Axe |
| 14:24 | Research | Horse Collar |
| 14:39 | Build | Mining Camp |
| 15:21 | Create | Villager (Male) |
| 15:21 | Create | Villager (Male) |
| 15:21 | Create | Villager (Male) |
| 15:53 | Age | Castle Age |
| 15:59 | Research | Bow Saw |
| 15:59 | Research | Bow Saw |
| 16:08 | Research | Heavy Plow |
| 16:26 | Create | Villager (Male) |
| 16:55 | Create | Villager (Male) |
| 17:14 | Create | Villager (Male) |
| 17:44 | Build | Farm |
| 17:45 | Build | Farm |
| 17:45 | Build | Farm |
| 17:45 | Build | Farm |
| 17:45 | Build | Farm |
| 17:46 | Build | Farm |
| 17:46 | Build | Farm |
| 17:46 | Build | Farm |
| 17:46 | Build | Farm |
| 17:47 | Build | Farm |
| 17:47 | Build | Farm |
| 17:47 | Build | Farm |
| 17:47 | Build | Farm |
| 17:48 | Build | Farm |
| 18:35 | Build | House |
| 18:56 | Create | Villager (Male) |
| 18:56 | Create | Villager (Male) |
| 18:56 | Create | Villager (Male) |
| 19:31 | Create | Villager (Male) |
| 19:46 | Build | Town Center |
| 20:25 | Create | Villager (Male) |
| 21:03 | Create | Villager (Male) |
| 21:04 | Create | Villager (Male) |
| 21:04 | Create | Villager (Male) |
| 21:04 | Create | Villager (Male) |
| 21:04 | Create | Villager (Male) |
| 21:04 | Create | Villager (Male) |
| 21:05 | Create | Villager (Male) |
| 21:18 | Create | Villager (Male) |
| 21:18 | Create | Villager (Male) |
| 21:19 | Create | Villager (Male) |
| 21:19 | Create | Villager (Male) |
| 21:19 | Create | Villager (Male) |
| 21:20 | Create | Villager (Male) |
| 21:30 | Build | Farm |
| 21:38 | Build | Farm |
| 21:45 | Build | Farm |
| 22:02 | Build | House |
| 22:06 | Build | House |
| 22:08 | Build | House |
| 22:11 | Build | House |
| 22:17 | Build | House |
| 22:20 | Build | House |
| 22:23 | Build | House |
| 22:29 | Build | House |
| 22:38 | Create | Villager (Male) |
| 22:38 | Create | Villager (Male) |
| 22:43 | Create | Villager (Male) |
| 22:43 | Create | Villager (Male) |
| 22:44 | Create | Villager (Male) |
| 22:46 | Build | Farm |
| 22:49 | Build | Farm |
| 23:34 | Create | Villager (Male) |
| 23:34 | Create | Villager (Male) |
| 23:39 | Create | Villager (Male) |
| 23:39 | Create | Villager (Male) |
| 24:00 | Research | Stone Mining |
| 24:05 | Research | Gold Mining |
| 24:11 | Create | Villager (Male) |
| 24:12 | Create | Villager (Male) |
| 24:18 | Create | Villager (Male) |
| 24:19 | Create | Villager (Male) |
| 25:00 | Build | Town Center |
| 25:13 | Research | Stone Shaft Mining |
| 25:17 | Research | Gold Shaft Mining |
| 25:28 | Create | Villager (Male) |
| 25:29 | Create | Villager (Male) |
| 25:31 | Create | Villager (Male) |
| 25:39 | Create | Villager (Male) |
| 25:39 | Create | Villager (Male) |
| 25:40 | Create | Villager (Male) |
| 25:42 | Create | Villager (Male) |
| 26:05 | Research | Wheelbarrow |
| 26:06 | Research | Town Watch |
| 26:18 | Create | Villager (Male) |
| 26:19 | Create | Villager (Male) |
| 26:36 | Build | Farm |
| 26:37 | Build | Farm |
| 26:38 | Build | Farm |
| 26:39 | Build | Farm |
| 26:40 | Build | Farm |
| 26:41 | Build | Farm |
| 26:42 | Build | Farm |
| 26:43 | Build | Farm |
| 26:44 | Build | Farm |
| 26:45 | Build | Farm |
| 27:15 | Research | Hand Cart |
| 27:28 | Create | Villager (Male) |
| 27:28 | Create | Villager (Male) |
| 27:29 | Create | Villager (Male) |
Match timeline
| 7:21 | YizúsA · wall_segment Palisade Wall x17 |
| 11:02 | leehunt85 · age_up feudal |
| 11:35 | MrAlwaysWins · age_up feudal |
| 11:40 | Fuego Inkaka · age_up feudal |
| 12:24 | YizúsA · first_building Barracks |
| 12:35 | YizúsA · wall_segment Palisade Wall x19 |
| 12:48 | YizúsA · age_up feudal |
| 12:54 | YizúsA · wall_segment Stone Wall x10 |
| 13:37 | leehunt85 · first_building Barracks |
| 15:53 | MrAlwaysWins · age_up castle |
| 16:14 | leehunt85 · first_building Archery Range |
| 16:31 | Fuego Inkaka · first_building Barracks |
| 17:08 | Fuego Inkaka · wall_segment Palisade Wall x1 |
| 17:10 | Fuego Inkaka · wall_segment Palisade Wall x1 |
| 17:16 | Fuego Inkaka · wall_segment Palisade Wall x1 |
| 17:17 | leehunt85 · first_building Stable |
| 17:23 | Fuego Inkaka · wall_segment Palisade Wall x1 |
| 17:28 | Fuego Inkaka · wall_segment Palisade Wall x3 |
| 18:47 | YizúsA · wall_segment Stone Wall x11 |
| 18:55 | YizúsA · wall_segment Stone Wall x2 |
| 18:56 | YizúsA · wall_segment Stone Wall x1 |
| 18:57 | YizúsA · wall_segment Stone Wall x1 |
| 18:58 | YizúsA · wall_segment Stone Wall x1 |
| 19:02 | YizúsA · wall_segment Stone Wall x6 |
| 19:05 | YizúsA · wall_segment Stone Wall x1 |
| 19:28 | Fuego Inkaka · first_building Archery Range |
| 19:31 | leehunt85 · age_up castle |
| 19:52 | YizúsA · wall_segment Stone Wall x10 |
| 21:04 | Fuego Inkaka · first_building Dock |
| 22:53 | Fuego Inkaka · age_up castle |
| 23:32 | YizúsA · age_up castle |
| 23:47 | leehunt85 · first_building Castle |
| 24:11 | Fuego Inkaka · first_market_buy 100 wood |
| 24:11 | YizúsA · wall_segment Stone Wall x9 |
| 25:50 | YizúsA · first_building Monastery |
| 25:54 | leehunt85 · first_building Monastery |
| 26:49 | YizúsA · first_market_buy 100 wood |
| 27:16 | Fuego Inkaka · first_building Castle |
| 27:49 | YizúsA · first_building Castle |
| 28:01 | MrAlwaysWins · first_building Castle |
| 29:18 | Fuego Inkaka · first_building Monastery |
| 30:48 | YizúsA · first_building Siege Workshop |
| 31:21 | YizúsA · wall_segment Stone Wall x9 |
| 33:26 | Fuego Inkaka · age_up imperial |
| 35:03 | YizúsA · wall_segment Stone Wall x6 |
| 35:21 | MrAlwaysWins · first_building Barracks |
| 36:04 | Fuego Inkaka · wall_segment Stone Wall x5 |
| 36:07 | MrAlwaysWins · first_building Stable |
| 36:11 | Fuego Inkaka · wall_segment Stone Wall x3 |
| 36:22 | Fuego Inkaka · wall_segment Stone Wall x4 |
| 36:26 | Fuego Inkaka · wall_segment Stone Wall x3 |
| 36:42 | MrAlwaysWins · first_building Archery Range |
| 37:03 | YizúsA · age_up imperial |
| 38:13 | YizúsA · first_building Archery Range |
| 39:33 | MrAlwaysWins · age_up imperial |
| 40:37 | leehunt85 · age_up imperial |
| 44:04 | YizúsA · wall_segment Stone Wall x6 |
| 45:05 | YizúsA · wall_segment Stone Wall x2 |
| 45:08 | YizúsA · wall_segment Stone Wall x3 |
| 47:27 | YizúsA · wall_segment Stone Wall x3 |
| 47:31 | YizúsA · wall_segment Stone Wall x4 |
| 49:05 | MrAlwaysWins · first_market_sell 100 wood |
| 61:47 | Fuego Inkaka · first_building Stable |
| 68:23 | YizúsA · first_market_sell 100 wood |
| 70:04 | Fuego Inkaka · resign |
[ AI ANALYSIS · 1 CREDIT ]
What really happened in this match?
Wolo.gg analyzes every decision: build order, eco, micro, common mistakes by bracket. Personalized analysis on WhatsApp or Discord in 30 seconds.
Civ guide
Persians
Map guide
Highland
Perfil
leehunt85